 Dungeon Crawl Stone Soup version 0.25-a0-576-g50b708a4c4 (webtiles) character file.

Game seed: 9563849846517987062, levelgen mode: classic

110 EnegeticOcto the Shield-Bearer (level 4, -8/42 HPs)
             Began as a Deep Dwarf Fighter on Mar 1, 2020.
             Killed by nerve-wracking pain
             ... invoked by an orc priest
              (12 damage)
             ... on level 3 of the Dungeon.
             The game lasted 00:00:28 (335 turns).

EnegeticOcto the Shield-Bearer (Deep Dwarf Fighter)  Turns: 335, Time: 00:00:28

Health: -8/42      AC:  7    Str: 20    XL:     4   Next: 61%
Magic:  3/3        EV:  7    Int:  9    God:
Gold:   29         SH:  9    Dex: 12    Spells: 3/3 levels left

rFire    . . .     SeeInvis .   a - +0 war axe
rCold    . . .     Gourm    .   c - +0 kite shield
rNeg     . . .     Faith    .   b - +0 scale mail
rPois    .         Spirit   .   (no helmet)
rElec    .         Reflect  .   (no cloak)
rCorr    .         Harm     .   (no gloves)
MR       .....                  (no boots)
Stlth    ..........             (no amulet)
HPRegen  0.00/turn              (no ring)
MPRegen  0.08/turn              (no ring)

@: non-regenerating
A: damage resistance, heal wounds, sense surroundings 1, no regeneration
a: Heal Wounds


You were on level 3 of the Dungeon.
You were not hungry.

You visited 1 branch of the dungeon, and saw 3 of its levels.

You collected 29 gold pieces.

Inventory:

Hand Weapons
 a - a +0 war axe (weapon)
Armour
 b - a +0 scale mail (worn)
 c - a +0 kite shield (worn)
Jewellery
 d - an uncursed ring of positive energy {unknown}
Wands
 h - a wand of acid (8) {@v1}
Scrolls
 g - a scroll of fog
Potions
 k - a potion of might {@q3}
Comestibles
 e - 3 rations
 f - 4 chunks of flesh


   Skills:
 * Level 3.5 Fighting
 * Level 3.6 Axes
 + Level 3.8 Armour
 + Level 3.8 Shields


You had 3 spell levels left.
You didn't know any spells.
Your spell library was empty.

Dungeon Overview and Level Annotations

Branches:
Dungeon (3/15)

Altars:
Kikubaaqudgha


Innate Abilities, Weirdness & Mutations

You are resistant to damage.
You can heal yourself by infusing magical energy.
You passively map a small area around you.
You do not regenerate.


Message History

You are too injured to fight recklessly!
You are too injured to fight recklessly!
You are too injured to fight recklessly!
You fail to use your ability.
You block the orc priest's attack.
You are too injured to fight recklessly!
You are too injured to fight recklessly!
You are too injured to fight recklessly!
You are too injured to fight recklessly!
You are too injured to fight recklessly!
You fail to use your ability.
The orc priest looks braver for a moment.
You are too injured to fight recklessly!
You are too injured to fight recklessly!
You are too injured to fight recklessly!
You are too injured to fight recklessly!
You are too injured to fight recklessly!
You fail to use your ability.
The orc priest miscasts a cantrip.
You block the orc priest's attack.
You feel much better.
The orc priest hits you but does no damage.
You barely miss the orc priest.
The orc priest is severely wounded.
The orc priest looks satisfied for a moment.
The orc priest invokes the aid of Beogh against you.
Beogh smites you!
You hit the orc priest.
You kill the orc priest!
You have reached level 4!
You feel clever. You block the orc wizard's attack.
Your shield and scale mail prevent you from hitting the orc wizard.
You block the orc wizard's attack.
You fail to use your ability.
The orc wizard gestures at you while chanting.
You are confused.
The orc priest looks braver for a moment.
You are too confused!
You are too confused!
You are too confused!
You are too confused!
You are too confused!
You are too confused!
You are too confused!
You are too confused!
You are too confused!
You are too confused!
You bump into the rock wall.
The orc wizard hits you with a +0 dagger.
You closely miss the orc wizard. The orc wizard casts a spell at you.
The magic dart hits you!
The orc wizard hits you but does no damage.
You bump into the rock wall.
The orc wizard hits you but does no damage.
You bump into the rock wall.
The orc wizard hits you but does no damage.
You slash the orc wizard!
The orc wizard is almost dead.
The orc wizard casts a spell at you. The puff of flame hits you.
You're too confused!
You miss the orc wizard.
The orc wizard is almost dead.
You hear the slow rusting of a very distant drain.
You feel less confused.
The orc wizard points at you and mumbles some strange words.
You are confused.
The orc priest calls upon Beogh to heal the orc wizard.
The orc wizard is healed somewhat.
The orc wizard hits you but does no damage.
You bump into the rock wall.
The orc wizard hits you but does no damage.
You bump into the rock wall.
The orc wizard hits you but does no damage.
You're too confused!
You bump into the rock wall.
The orc wizard hits you with a +0 dagger.
* * * LOW HITPOINT WARNING * * *
You bump into the rock wall.
The orc wizard hits you but does no damage.
You bump into the rock wall.
The orc priest mumbles some strange prayers to Beogh against you.
Beogh smites you!
* * * LOW HITPOINT WARNING * * *
The orc wizard hits you but does no damage.
You're too confused to move!
The orc wizard hits you but does no damage.
You're too confused!
You're too confused to move!
You feel less confused. The orc wizard barely misses you.
You slash the orc wizard!
You kill the orc wizard!
The orc priest barely misses you.
You hit the orc priest.
The orc priest is moderately wounded.
The orc priest invokes the aid of Beogh against you.
Pain shoots through your body!
You die...

##########
* ,,
#.....@oo#
#.######.#
* #.# * ..
, #.# ##,
#.# *, #.#
#.# * #.#
* #.# *


You could see an orc priest and an orc.

Vanquished Creatures
  A bullfrog zombie (D:2)
  An orc priest (D:3)
  An orc wizard (D:3)
  2 leopard geckos
  6 orcs (D:3)
  A bat (D:1)
  2 goblins
  A kobold (D:2)
  A rat (D:1)
  3 rat zombies (D:3)
19 creatures vanquished.

Notes
Turn   | Place    | Note
-------+----------+-------------------------------------------
     0 | D:1      | EnegeticOcto the Deep Dwarf Fighter began the quest for the
                  | Orb.
     0 | D:1      | Reached XP level 1. HP: 20/20 MP: 1/1
    69 | D:2      | Reached XP level 2. HP: 18/28 MP: 2/2
    69 | D:2      | Reached XP level 3. HP: 22/34 MP: 3/3
   165 | D:3      | Found an ancient bone altar of Kikubaaqudgha.
   318 | D:3      | Reached XP level 4. HP: 23/42 MP: 3/3
   335 | D:3      | Killed from afar by an orc priest

Levels and vault maps discovered:
D:1:      dpeg_arrival_tiny_a, layout_rooms, grunt_decor_mini_mirrors,
          st_stairs_12
D:2:      layout_loops_ring
D:3:      layout_loops_ring, lemuel_zombie_altar_kikubaaqudgha,
          cheibrodos_sewer_entry_bend, amethyst_killhole

Skill      XL: |  1 |
---------------+----+-----
Fighting       | 3 |  3.5
Axes           | 3 |  3.6
Armour         | |  3.8
Shields        | |  3.8

Action                   |  1- 3 |  4- 6 || total
-------------------------+-------+-------++-------
Melee: War axe           |    59 |     6 ||    65
 Abil: Heal Wounds       |     4 |       ||     4
  Use: Scroll            |     1 |       ||     1
Armor: Scale mail        |    17 |     7 ||    24
Dodge: Dodged            |    22 |     2 ||    24
Block: Kite shield       |    37 |     2 ||    39

Table legend:
 A = Non-vault XP
 B = Vault XP
 C = Vault XP percentage of total XP
 D = Non-vault monster count
 E = Vault monster count
 F = Vault count percentage of total count
                 A         B        C        D         E       F
            +---------+---------+-------+---------+---------+-------
      Total |     155 |       3 |   1.9 |      16 |       3 |  15.8
            +---------+---------+-------+---------+---------+-------
        D:1 |       5 |       0 |   0.0 |       3 |       0 |   0.0
        D:2 |      50 |       0 |   0.0 |       4 |       0 |   0.0
        D:3 |     100 |       3 |   2.9 |       9 |       3 |  25.0
            +---------+---------+-------+---------+---------+-------
